 Dungeon Crawl Stone Soup version 0.29-a0-993-g4a18f31a58 (webtiles) character file.

Game seed: 13692628790040103306

11 Newt the Charlatan (level 2, -1/23 HPs)
             Began as a Meteoran Artificer on Aug 2, 2022.
             Slain by an adder (4 damage)
             ... on level 2 of the Dungeon.
             The game lasted 00:01:27 (546 turns).

Newt the Charlatan (Meteoran Artificer)              Turns: 546, Time: 00:01:28

Health: -1/23      AC:  3    Str: 13    XL:     2   Next: 52%
Magic:  3/3        EV: 11    Int: 12    God:
Gold:   96         SH:  0    Dex: 14    Spells: 1/1 levels left

rFire   . . .      SeeInvis .   a - +0 club
rCold   . . .      Faith    .   (no shield)
rNeg    . . .      Spirit   .   b - +0 leather armour
rPois   .          Reflect  .   (no helmet)
rElec   .          Harm     .   (no cloak)
rCorr   .          Rampage  .   (no gloves)
Will    .....                   (no boots)
Stlth   +.........              (no amulet)
HPRegen 0.07/turn               (no ring)
MPRegen 0.08/turn               (no ring)

@: glowing
A: sense surroundings 1, otherworldly, glowing, explore regen
a: no special abilities


You were on level 2 of the Dungeon.
You visited 1 branch of the dungeon, and saw 2 of its levels.

You collected 96 gold pieces.

Inventory:

Hand Weapons
 a - a +0 club (weapon)
Armour
 b - a +0 leather armour (worn)
 k - a +0 pair of gloves
Jewellery
 f - a ring of poison resistance
Wands
 c - a wand of flame (13) (quivered)
 d - a wand of charming (13)
 e - a wand of iceblast (9)
Scrolls
 g - a scroll of enchant armour {unknown}
 i - a scroll of identify {unknown}
Potions
 h - a potion of ambrosia {unknown}
 j - a potion of heal wounds {unknown}


   Skills:
 + Level 1.2 Fighting
 * Level 1.1 Maces & Flails
 + Level 2.7 Armour
 + Level 1.3 Dodging
 - Level 0.6 Stealth
 * Level 0.4 Spellcasting
 + Level 3.8 Evocations


You had one spell level left.
You didn't know any spells.
Your spell library contained the following spells:

 Spells                   Type           Power      Damage    Failure   Level
 Magic Dart               Conj           0%         1d3       38%         1
 Call Imp                 Summ           0%         N/A       52%         2
 Conjure Flame            Conj/Fire      0%         6-21      77%         3
 Ignite Poison            Fire/Tmut/Pois 0%         N/A       77%         3
 Mephitic Cloud           Conj/Pois/Air  0%         N/A       77%         3
 Sticky Flame             Conj/Fire      0%         2d3       99%         4


Dungeon Overview and Level Annotations

Branches:
Dungeon (2/15) Zot: 639

Altars:


Innate Abilities, Weirdness & Mutations

You passively map a small area around you.
You are easily found by Zot.
You glow in the dark.
You regain HP and MP as you explore.


Message History

You pick up an Everburning Encyclopedia and begin reading...
You add the spells Conjure Flame, Ignite Poison and Sticky Flame to your library.
Aiming: Throw Flame
Press: ? - help, Q - select action, (/) - cycle Shift-Dir - straight line, f - adder
Aim: an adder (53% to hit)
The puff of flame hits the adder.
The adder is heavily wounded.
Aiming: Throw Flame
Press: ? - help, Q - select action, (/) - cycle Shift-Dir - straight line, f/p - adder
Aim: an adder (moderately wounded, 53% to hit)
The puff of flame hits the adder!
The adder is almost dead.
The adder closely misses you.
You barely miss the adder.
The adder is almost dead.
The endoplasm hits you. The adder barely misses you.
You barely miss the adder.
The adder is almost dead.
The adder closely misses you.
The endoplasm hits you but does no damage.
The adder bites you.
You are poisoned.
The adder poisons you! The endoplasm barely misses you.
You closely miss the adder.
The adder is almost dead.
You feel sick. The adder bites you. The endoplasm hits you.
You hit the adder but do no damage.
The adder is almost dead.
You feel sick.
The adder bites you. x2; The endoplasm hits you.
Unknown command.
You barely miss the adder.
The adder is almost dead.
You feel sick.
You are no longer poisoned.
The adder bites you but does no damage. The endoplasm freezes you.
You are frozen.
* * * LOW HITPOINT WARNING * * *
The adder bites you.
You die...

,, , *
.......<........ ,
#######.#.#...........
......#.#.#.###.......
, ,
....+............... ,
, ..##..#+#########.
#####.#......... .
#............... # ,
#....S#......... ,
,#...@.#....S.... , ,
#...J.#......... ,, ,
,, #............... ,
,#..............., *
#.............. ,
,#......##+####
.......~ .~~...~~.. *
, ~ ,


You could see an adder and an endoplasm.

Vanquished Creatures
  A dart slug (D:1)
  A giant cockroach (D:1)
  2 quokkas (D:1)
  A bat (D:2)
  2 frilled lizards (D:1)
  A rat (D:1)
8 creatures vanquished.

Vanquished Creatures (collateral kills)
  A ball python (D:1)
1 creature vanquished.

Grand Total: 9 creatures vanquished

Notes
Turn   | Place    | Note
-------+----------+-------------------------------------------
     0 | D:1      | Newt the Meteoran Artificer began the quest for the Orb.
     0 | D:1      | Reached XP level 1. HP: 16/16 MP: 2/2
   301 | D:1      | Reached skill level 1 in Maces & Flails
   301 | D:1      | Reached XP level 2. HP: 20/23 MP: 3/3
   487 | D:1      | Glimpsed the power of Zot.
   546 | D:2      | Slain by an adder

Illustrated notes

Levels and vault maps discovered:
D:1:      minmay_arrival_loop, layout_loops_ring
D:2:      layout_basic, chequers_ecumenical_altar_island, basic_altar,
          minmay_goblin_outpost

Skill      XL: |  1 |
---------------+----+-----
Maces & Flails | 1 |  1.1
Fighting       | |  1.2
Armour         | |  2.7
Dodging        | |  1.3
Stealth        | |  0.6
Spellcasting   | |  0.4
Evocations     | |  3.8

Action                   || total
-------------------------++-------
Melee: Club              ||    56
       Punch             ||     1
Evoke: Wand              ||     4
Armor: Leather armour    ||    20
Dodge: Dodged            ||    31

Table legend: (Time is in decaauts)
 A = Elapsed time spent in this place.
 B = Non-inter-level travel time spent in this place.
 C = Inter-level travel time spent in this place.
 D = Time resting spent in this place.
 E = Time spent auto-exploring this place.
 F = Levels seen in this place.
 G = Mean time per level.
                   A        B        C        D        E       F      G
               +--------+--------+--------+--------+--------+-----+--------+
         Total |    559 |    559 |      0 |    255 |    152 |   2 |  279.5 |
       Dungeon |    559 |    559 |      0 |    255 |    152 |   2 |  279.5 |
               +--------+--------+--------+--------+--------+-----+--------+

Top non-repeatable levels by time:
     D:1: 510 daAuts
     D:2: 49 daAuts
